 Dungeon Crawl Stone Soup version 0.31-a0-210-gccc998df9b (webtiles) character file.

Game seed: 612618244065726325

35 lunkers the Chucker (level 3, -1/28 HPs)
             Began as a Meteoran Wanderer on June 29, 2023.
             Splashed by a jelly's acid (3 damage)
             ... on level 2 of the Dungeon.
             The game lasted 00:01:05 (450 turns).

lunkers the Chucker (Meteoran Wanderer)              Turns: 450, Time: 00:01:05

Health: -1/28      AC: -3    Str: 17    XL:     3   Next: 76%
Magic:  6/6        EV: 11    Int: 11    God:
Gold:   13         SH:  0    Dex: 14    Spells: 3/4 levels left

rFire   . . .        a - +3 dagger
rCold   . . .        (no shield)
rNeg    . . .        d - +0 leather armour
rPois   .            (no helmet)
rElec   .            (no cloak)
rCorr   .            h - +0 pair of gloves
SInv    .            (no boots)
Will    .....        (no amulet)
Stlth   +            (no ring)
HPRegen 0.24/turn    (no ring)
MPRegen 0.10/turn

%: no passive effects
@: corroded, glowing
A: sense surroundings 1, otherworldly, glowing, explore regen
a: no special abilities


You were on level 2 of the Dungeon.
You visited 1 branch of the dungeon, and saw 2 of its levels.

You collected 13 gold pieces.

Inventory:

Hand Weapons
 a - a +3 dagger (weapon)
Missiles
 b - 2 curare-tipped darts
 g - 6 poisoned darts
Armour
 d - a +0 leather armour (worn)
 h - a +0 pair of gloves (worn)
Scrolls
 c - a scroll of summoning
 e - 2 scrolls of enchant armour {unknown}
 f - a scroll of identify {unknown}
 i - a scroll of poison {unknown}


   Skills:
 - Level 1.1 Fighting
 + Level 3.2 Short Blades
 - Level 3.6 Throwing
 - Level 1.2 Armour
 - Level 1.2 Dodging
 - Level 1.3 Spellcasting
 - Level 2.4 Transmutations
 - Level 1.2 Evocations


You had 3 spell levels left.
You knew the following spells:

 Your Spells              Type           Power      Damage    Failure   Level
p - Beastly Appendage     Tmut           12%        N/A       14%         1

Your spell library contained the following spells:

 Spells                   Type           Power      Damage    Failure   Level
 Ignite Poison            Fire/Tmut/Pois 2%         N/A       63%         3


Dungeon Overview and Level Annotations

Branches:
Dungeon (2/15) Zot: 757

Altars:


Innate Abilities, Weirdness & Mutations

You passively map a small area around you.
You are easily found by Zot.
You glow in the dark.
You regain HP and MP as you explore.


Message History

No target in view!
No target in view!
No target in view!
No target in view!
No target in view!
No target in view!
No target in view!
You see here a rat corpse.
You see here a +0 short sword.
Found a halberd.
You see here a +0 halberd.
A jelly comes into view.
The jelly quivers.
The jelly hits you but does no damage.
You hit the jelly.
Your hands burn!
The jelly is lightly wounded.
The jelly closely misses you.
You hit the jelly.
Your hands burn!
The jelly is heavily wounded.
The jelly hits you but does no damage.
You hit the jelly.
Your hands burn!
* * * LOW HITPOINT WARNING * * *
The jelly is almost dead.
You hit the jelly. The acid corrodes you!
Your hands burn!
* * * LOW HITPOINT WARNING * * *
The jelly is almost dead.
The jelly closely misses you.
You hit the jelly but do no damage.
Your hands burn!
* * * LOW HITPOINT WARNING * * *
The jelly is almost dead.
The jelly jiggles.
The jelly barely misses you.
You completely miss the jelly.
The jelly is almost dead.
The jelly hits you.
* * * LOW HITPOINT WARNING * * *
The acid corrodes you!
You are splashed with acid!
* * * LOW HITPOINT WARNING * * *
You hit the jelly but do no damage.
Your hands burn!
You die...

### #.. , ..# #.# *
**#.#*## #J# #># .
#@# #.#.#
#####.##########.#.*
#?.....)....##....
#.###.#####.##.#.# *
#.# #.##.#.# * #.#
#)##.#.##### *
#.#####.##.#..<...
#....†............
######.###.#######


You could see a jelly.

Vanquished Creatures
  An adder (D:2)
  2 dart slugs (D:1)
  2 ball pythons (D:1)
  3 endoplasms (D:1)
  A giant cockroach (D:1)
  3 hobgoblins (D:1)
  2 jackals (D:1)
  2 frilled lizards
  A goblin (D:1)
  3 kobolds
  A rat (D:2)
21 creatures vanquished.

Notes
Turn   | Place    | Note
-------+----------+-------------------------------------------
     0 | D:1      | lunkers the Meteoran Wanderer began the quest for the Orb.
     0 | D:1      | lunkers set off with the following items: a +3 dagger, 2
                  | curare-tipped darts, a scroll of summoning, a +0 leather
                  | armour; and the following spell memorised: Beastly
                  | Appendage; and the following spells available to memorise:
                  | Ignite Poison.
     0 | D:1      | Reached XP level 1. HP: 16/16 MP: 3/3
    83 | D:1      | Reached skill level 1 in Short Blades
    87 | D:1      | Reached XP level 2. HP: 23/23 MP: 5/5
   279 | D:1      | Reached XP level 3. HP: 26/28 MP: 6/6
   338 | D:1      | You fall into a shaft and drop 1 floor!
   450 | D:2      | Splashed by a jelly's acid

Illustrated notes

Levels and vault maps discovered:
D:1:      reono_arrival_mine, layout_loops_cross
D:2:      layout_loops_ring

Skill      XL: |  1  2  3 |
---------------+----------+-----
Short Blades   | 1 2 3 |  3.2
Fighting       | |  1.1
Throwing       | |  3.6
Armour         | |  1.2
Dodging        | |  1.2
Spellcasting   | |  1.3
Transmutations | |  2.4
Evocations     | |  1.2

Action                     || total
---------------------------++-------
  Melee: Dagger            ||    75
         Punch             ||     1
 Armour: Leather armour    ||    14
  Dodge: Dodged            ||    32

Table legend: (Time is in decaauts)
 A = Elapsed time spent in this place.
 B = Non-inter-level travel time spent in this place.
 C = Inter-level travel time spent in this place.
 D = Time resting spent in this place.
 E = Time spent auto-exploring this place.
 F = Levels seen in this place.
 G = Mean time per level.
                   A        B        C        D        E       F      G
               +--------+--------+--------+--------+--------+-----+--------+
         Total |    442 |    442 |      0 |      0 |    314 |   2 |  221.0 |
       Dungeon |    442 |    442 |      0 |      0 |    314 |   2 |  221.0 |
               +--------+--------+--------+--------+--------+-----+--------+

Top non-repeatable levels by time:
     D:1: 333 daAuts
     D:2: 109 daAuts
